AoeStats
← Crotovich

Arabia

508594516Analyzed
2v2 RM · 8d ago on Sep 23, 2026· 57m 20s· 4 players
Game mode
Random Map
Map size
Medium (4 player)
Population
200
Speed
Normal
Resources
Standard
Victory
Conquest
Starting age
Dark Age
Ending age
Imperial Age
RankedLock teamsTeams togetherTeam positionsShared explorationLock speedFull tech treeHidden civsTurbo modeCheats
Victory
Defeat
🇺🇸 Vietnamese · United States
804
+16
🇺🇸 Khmer · United States
800
+16
🇦🇷 Khmer · Argentina
893
-56
🇦🇷 Vietnamese · Argentina
728
-13
Who Keef Rirrie?
5:35 Loom
11:28 Feudal Age
12:13 Double-Bit Axe
12:30 Horse Collar
13:57 Fletching
20:42 Castle Age
20:47 Crossbowman
21:35 Thumb Ring
22:05 Bodkin Arrow
23:40 Wheelbarrow
25:36 Ballistics
30:54 Bow Saw
30:46 Heavy Plow
30:38 Gold Mining
36:28 Imperial Age
33:56 Murder Holes
34:05 Padded Archer Armor
35:27 Caravan
38:35 Chemistry
40:16 Paper Money
41:56 Hand Cart
43:33 Arbalester
54:36 Bracer
54:52 Siege Engineers
Who Keef Rirrie??
10:04 Feudal Age
8:21 Loom
16:01 Castle Age
15:01 Double-Bit Axe
17:58 Horse Collar
20:39 Gold Mining
22:35 Scale Barding Armor
26:25 Wheelbarrow
26:48 Forging
27:14 Heavy Plow
27:38 Stone Mining
28:53 Husbandry
30:24 Bloodlines
32:33 Iron Casting
32:28 Town Watch
33:03 Hand Cart
33:44 Ballistics
33:23 Murder Holes
40:13 Imperial Age
37:56 Town Patrol
38:41 Caravan
41:22 Chain Barding Armor
42:03 Blast Furnace
40:54 Fletching
41:05 Padded Archer Armor
41:25 Masonry
41:26 Double Crossbow
42:48 Heavy Scorpion
47:15 Plate Barding Armor
46:37 Bodkin Arrow
46:58 Leather Archer Armor
47:28 Elite Ballista Elephant
51:12 Bow Saw
51:09 Bracer
51:40 Ring Archer Armor
51:11 Scale Mail Armor
51:46 Crop Rotation
51:15 Cavalier
52:09 Light Cavalry
Crotovich
6:40 Loom
7:32 Loom
12:23 Feudal Age
13:06 Gold Mining
13:03 Double-Bit Axe
13:02 Horse Collar
18:10 Fletching
18:27 Padded Archer Armor
25:56 Castle Age
26:03 Forging
28:25 Iron Casting
28:10 Bow Saw
28:12 Heavy Plow
28:33 Scale Barding Armor
30:16 Pikeman
31:30 Chain Barding Armor
34:36 Iron Casting
35:02 Husbandry
35:18 Bodkin Arrow
37:31 Bloodlines
38:56 Stone Mining
41:10 Stone Shaft Mining
47:06 Chatras
À PEDRA
9:46 Feudal Age
10:38 Feudal Age
12:34 Double-Bit Axe
12:35 Horse Collar
14:22 Double-Bit Axe
19:41 Wheelbarrow
18:52 Town Watch
19:39 Forging
19:35 Scale Barding Armor
20:05 Scale Barding Armor
21:57 Loom
22:11 Gold Mining
29:04 Castle Age
49:42 Stone Mining
Connection lost

Rejoining the realm…

Still unreachable

The connection could not be restored.

Session expired

The server has moved on; the page needs a fresh start.